 Dungeon Crawl Stone Soup version 0.24.0-1-gfbc8707 (webtiles) character file.

Game seed: 17149133982556315790, levelgen mode: deterministic

442 Minkie the Skirmisher (level 6, -1/53 HPs)
             Began as a Draconian Warper on Nov 11, 2019.
             Slain by a slave (3 damage)
             ... led by Pikel
             ... on level 6 of the Dungeon.
             The game lasted 00:16:28 (4083 turns).

Minkie the Skirmisher (Draconian Warper)            Turns: 4083, Time: 00:16:29

Health: -1/53      AC:  7    Str: 13    XL:     6   Next: 71%
Magic:  8/11       EV: 13    Int: 15    God:
Gold:   71         SH:  0    Dex: 11    Spells: 8/12 levels left

rFire    . . .     SeeInvis .   m - +0 trident
rCold    . . .     Gourm    .   (no shield)
rNeg     . . .     Faith    .   (armour unavailable)
rPois    .         Spirit   .   (helmet restricted)
rElec    .         Reflect  .   (no cloak)
rCorr    .         Harm     .   k - +0 pair of gloves
MR       .....                  (no boots)
Stlth    +.........             (no amulet)
HPRegen  0.17/turn              (no ring)
MPRegen  0.12/turn              (no ring)

@: very slightly contaminated
A: unfitting armour, cold-blooded, AC +6
a: no special abilities


You were on level 6 of the Dungeon.
You were not hungry.

You visited 1 branch of the dungeon, and saw 6 of its levels.
You also visited: Sewer.

You collected 71 gold pieces.

Inventory:

Hand Weapons
 m - a +0 trident (weapon)
Missiles
 d - 5 boomerangs of dispersal (quivered)
Armour
 k - a +0 pair of gloves (worn)
Magical Staves
 p - an uncursed staff of wizardry {unknown}
Jewellery
 e - an uncursed amulet of magic regeneration {unknown}
 g - an uncursed amulet of the acrobat {unknown}
 o - an uncursed amulet of the gourmand {unknown}
Wands
 j - a wand of flame (15)
Scrolls
 a - a scroll of fear {unknown}
 b - 2 scrolls of teleportation {unknown}
 c - 2 scrolls of blinking
 h - 2 scrolls of enchant armour {unknown}
 i - a scroll of identify {unknown}
Potions
 l - a potion of ambrosia {unknown}
 n - a potion of mutation {unknown}
 q - a potion of brilliance {unknown}
 r - 2 potions of curing {unknown}
Comestibles
 f - 2 rations


   Skills:
 + Level 4.3 Fighting
 + Level 3.9 Polearms
 - Level 0.8 Throwing
 + Level 3.8 Dodging
 + Level 3.7 Spellcasting
 - Level 3.0 Translocations


You had 8 spell levels left.
You knew the following spells:

 Your Spells              Type           Power        Failure   Level  Hunger
a - Blink                 Tloc           N/A          9%          2    ##.....
b - Shroud of Golubria    Chrm/Tloc      #.....       16%         2    ##.....

Your spell library contained the following spells:

 Spells                   Type           Power        Failure   Level  Hunger
 Gell's Gravitas          Tloc           ##........   16%         3    ###....
 Lesser Beckoning         Tloc           ##........   16%         3    ###....
 Teleport Other           Tloc           ##......     16%         3    ###....
 Passage of Golubria      Tloc           N/A          47%         4    ####...


Dungeon Overview and Level Annotations

Branches:
Dungeon (6/15)              Sewer (visited)
 Temple: D:4-7

Altars:
Elyvilon
Vehumet

Annotations:
D:5 Blork the orc, Eustachio, Menkaure
D:6 2 transporters, Gridlocked's ghost, novice DsGl; Pikel


Innate Abilities, Weirdness & Mutations

Your plain brown scales are hard. (AC +6)
You cannot fit into any form of body armour.
You are cold-blooded and may be slowed by cold attacks.


Message History

* * * LOW HITPOINT WARNING * * *
Pikel hits you with a +1 whip of flaming.
* * * LOW HITPOINT WARNING * * *
Pikel burns you.
* * * LOW HITPOINT WARNING * * *
You hit Pikel.
Your tail-slap misses Pikel.
Pikel is moderately wounded.
The slave misses you. The slave closely misses you.
Pikel hits you but does no damage.
You hit Pikel but do no damage.
Pikel is moderately wounded.
The slave misses you. x2; Pikel closely misses you.
The slave hits you but does no damage.
You hit Pikel but do no damage.
Pikel is moderately wounded.
The slave hits you.
* * * LOW HITPOINT WARNING * * *
Pikel says, "Slavery isn't that bad."
Pikel closely misses you. The slave hits you.
You die...

..........# #..
..........# #[.
..........# #..
..........#
##+###.
#.[........#
##...##.
#..........# ##
#.......
#..........# ..#
#.......
#.........p#...#
###...รท...
#.........@Kp..#
#.........
#.........p#p.##
#.##...##.
#..........#####
#.........
#..........#...#
#..###.###
#..........#...#
#..# #.# #
#..........#...#
##.###'###
#......#####...#
#.###_'..
+......'.......#
#.###'###
#......#..###'##
#.# #.# #


You could see Pikel and 4 slaves.

Vanquished Creatures
  A phantom (D:6)
  3 bullfrogs
  A hound (D:3)
  A worker ant (D:6)
  5 adders
  A worm (D:3)
  2 dart slugs (D:2)
  6 leopard geckos
  An orc (D:3)
  3 ball pythons (Sewer)
  11 giant cockroaches
  4 goblins
  A hobgoblin (D:1)
  6 jackals (D:6)
  4 bats
  4 frilled lizards (Sewer)
  6 rats
60 creatures vanquished.

Notes
Turn   | Place    | Note
-------+----------+-------------------------------------------
     0 | D:1      | Minkie the Draconian Warper began the quest for the Orb.
     0 | D:1      | Reached XP level 1. HP: 17/17 MP: 3/3
   606 | D:1      | Reached XP level 2. HP: 25/25 MP: 5/5
  1230 | D:2      | You fall into a shaft and drop 1 floor!
  1279 | D:4      | Found a glowing drain.
  1283 | Sewer    | Entered a sewer
  1351 | Sewer    | Reached XP level 3. HP: 28/30 MP: 6/6
  1395 | Sewer    | Learned a level 2 spell: Blink
  1398 | Sewer    | Learned a level 2 spell: Shroud of Golubria
  1758 | Sewer    | Noticed a bullfrog
  1773 | Sewer    | HP: 1/30 [bullfrog (6)]
  1778 | Sewer    | Killed a bullfrog
  1778 | Sewer    | Reached skill level 3 in Fighting
  1778 | Sewer    | Reached XP level 4. HP: 1/38 MP: 4/8
  2092 | Sewer    | Noticed a bullfrog
  2104 | Sewer    | Killed a bullfrog
  2104 | Sewer    | Reached XP level 5. HP: 29/45 MP: 7/9
  2559 | D:3      | HP: 2/46 [orc/+3 hand axe (7)]
  2781 | D:3      | You fall into a shaft and drop 2 floors!
  2781 | D:5      | Entered Level 5 of the Dungeon
  2782 | D:5      | Noticed Eustachio
  2817 | D:5      | HP: 2/46 [scorpion (7)]
  2961 | D:5      | Noticed Menkaure
  3112 | D:4      | Found a radiant altar of Vehumet.
  3156 | D:5      | Noticed Blork the orc
  3430 | D:6      | Noticed a phantom
  3477 | D:6      | Killed a phantom
  3477 | D:6      | Reached skill level 4 in Fighting
  3477 | D:6      | Reached XP level 6. HP: 18/52 MP: 8/11
  3734 | D:6      | Found a white marble altar of Elyvilon.
  3748 | D:6      | Found a transporter.
  3752 | D:6      | Found a transporter.
  3752 | D:6      | Noticed Gridlocked's ghost (novice DsGl)
  4065 | D:6      | Noticed Pikel
  4065 | D:6      | Noticed a slave
  4065 | D:6      | Noticed a slave
  4066 | D:6      | Noticed a slave
  4066 | D:6      | Noticed a slave
  4083 | D:6      | HP: 2/53 [slave[Pikel] (1)]
  4083 | D:6      | Slain by a slave

Levels and vault maps discovered:
D:1:      dpeg_arrival_rhombi, layout_basic, hangedman_decor_diamond_cutter
D:2:      layout_basic, grunt_temple_overflow_holy_war
D:3:      layout_loops_ring, gammafunk_temple_overflow_elements, first_ration,
          uniq_sigmund
D:4:      layout_cave_pools, kennysheep_little_box,
          nicolae_overflow_hidden_temple, gup_sewer_entry_bowl, uniq_grinder,
          uniq_crazy_yiuf_cottage
D:5:      layout_loops_ring, uniq_eustachio, uniq_menkaure, uniq_blork_the_orc
D:6:      layout_gridville, lemuel_doored_altar, overflow_temple_1_default,
          gammafunk_ghost_arena, uniq_pikel

Skill      XL: |  1  2  3  4  5 |
---------------+----------------+-----
Fighting       | 3 4 |  4.3
Polearms       | 3 |  3.9
Dodging        | 3 |  3.8
Spellcasting   | 3 |  3.7
Throwing       | |  0.8
Translocations | |  3.0

Action                   |  1- 3 |  4- 6 || total
-------------------------+-------+-------++-------
Melee: Spear             |   132 |   132 ||   264
       Tailslap          |    11 |    25 ||    36
       Trident           |       |    86 ||    86
 Cast: Shroud of Golubri |     1 |     6 ||     7
       Blink             |       |     7 ||     7
  Use: Potion            |       |     2 ||     2
 Stab: Sleeping          |     1 |       ||     1
  Eat: Chunk             |     3 |     5 ||     8
       Ration            |       |     1 ||     1
Armor: Skin              |    32 |    74 ||   106
Dodge: Dodged            |    75 |   181 ||   256
